 Dungeon Crawl Stone Soup version 0.21.1-1-g345015fe64 (webtiles) character file.

27391 kometa the Whirler (level 13, -1/60 HPs)
             Began as a Spriggan Hunter on June 12, 2018.
             Was a High Priest of Okawaru.
             Slain by zeiran's ghost (29 damage)
             ... on level 12 of the Dungeon.
             The game lasted 02:54:04 (21937 turns).

kometa the Whirler (Spriggan Hunter)               Turns: 21937, Time: 02:54:05

Health: -1/60      AC:  4    Str:  8    XL:     13   Next: 4%
Magic:  12/15      EV: 30    Int: 10    God:    Okawaru [*****.]
Gold:   1205       SH:  7    Dex: 24    Spells: 13/15 levels left

rFire    + . .     SeeInvis +   a - +1 hunting sling
rCold    + + .     Gourm    .   D - +0 buckler
rNeg     . . .     Faith    .   S - +2 robe {rC+}
rPois    .         Spirit   .   (helmet restricted)
rElec    .         Reflect  .   K - scarf {rC+ rF+}
rCorr    .         Harm     .   (gloves unavailable)
MR       ++...                  (boots unavailable)
Stlth    +++++.....             U - amulet of magic regeneration
HPRegen  0.20/turn              o - +2 ring of dexterity
MPRegen  0.39/turn              u - +5 ring of slaying

@: barbed spikes, very quick
A: very small, unfitting armour, see invisible, dopey 1, herbivore, speed 3,
frail 1, low mp 1, slow metabolism 2
a: Heroism, Finesse, Renounce Religion


You were on level 12 of the Dungeon.
You worshipped Okawaru.
Okawaru was extremely pleased with you.
You were not hungry.

You visited 3 branches of the dungeon, and saw 16 of its levels.
You also visited: Ossuary.

You collected 1616 gold pieces.
You spent 411 gold pieces at shops.

Inventory:

Hand Weapons
 a - a +1 hunting sling (weapon)
 c - a +0 dagger of flaming
 k - a +0 short sword of holy wrath
 v - a +1 dagger of venom
 G - the +9 staff of Olgreb {rPois}
   (You found it on level 8 of the Dungeon)

   It protects you from poison.
 M - the +1 hunting sling of Disgust {freeze, *Contam +Inv rF+ SInv}
   (Okawaru gifted it to you on level 1 of the Orcish Mines)

   It causes projectiles fired from it to freeze those they strike, causing
   extra injury to most foes and up to half again as much damage against
   particularly susceptible opponents.
   They can also slow down cold-blooded creatures.
   It protects you from fire.
   It lets you see invisible.
   It lets you turn invisible.
   It causes magical contamination when unequipped.
Missiles
 e - 75 stones
 A - 78 poisoned needles
 B - 25 tomahawks
 F - 33 sling bullets (quivered)
Armour
 m - a +1 robe of positive energy
 C - a +0 troll leather armour
 D - a +0 buckler (worn)
 K - a scarf of resistance (worn)
 S - a +2 robe of cold resistance (worn)
Jewellery
 i - an uncursed ring of fire
 j - an uncursed ring of wizardry
 o - a +2 ring of dexterity (left hand)
 u - a +5 ring of slaying (right hand)
 U - an amulet of magic regeneration (around neck)
 W - an uncursed ring of see invisible {unknown}
Wands
 q - a wand of iceblast (8)
 r - a wand of digging (24)
 t - a wand of polymorph (18)
 w - a wand of flame (22)
 N - a wand of clouds (6)
 P - a wand of paralysis (10)
 R - a wand of acid (18)
Scrolls
 b - 7 scrolls of remove curse
 d - a scroll of blinking
 g - 9 scrolls of teleportation
 h - 2 scrolls of enchant armour
 p - a scroll of immolation
 x - 4 scrolls of enchant weapon
 y - 3 scrolls of amnesia
 E - a scroll of vulnerability
 H - a scroll of magic mapping
 J - a scroll of noise
 V - a scroll of identify
Potions
 l - 2 potions of resistance
 s - 2 potions of cancellation
 z - 2 potions of mutation
 I - 2 potions of brilliance
 Q - a potion of degeneration
 T - a potion of curing
Books
 n - a book of Minor Magic

   Spells                             Type                      Level
   a - Magic Dart                     Conjuration                  1
   b - Blink                          Translocation                2
   c - Call Imp                       Summoning                    2
   d - Slow                           Hexes                        2
   e - Conjure Flame                  Conjuration/Fire             3
   f - Mephitic Cloud                 Conjuration/Poison/Air       3
 L - a book of the Sky

   Spells                             Type                      Level
   a - Summon Lightning Spire         Summoning/Air                4
   b - Silence                        Hexes/Air                    5
   c - Deflect Missiles               Charms/Air                   6
   d - Conjure Ball Lightning         Conjuration/Air              6
   e - Tornado                        Air                          9
Miscellaneous
 O - a phantom mirror
Comestibles
 f - 12 rations


   Skills:
 + Level 7.3 Fighting
 * Level 6.0 Short Blades
 * Level 16.3(16.6) Slings
 + Level 4.5(10.4) Throwing
 * Level 11.1 Dodging
 * Level 11.5 Stealth
 + Level 2.0 Shields
 + Level 1.8 Spellcasting
 - Level 7.3 Translocations
 * Level 4.5 Invocations
 + Level 1.8 Evocations


You had 13 spell levels left.
You knew the following spells:

 Your Spells              Type           Power        Failure   Level  Hunger
a - Blink                 Tloc           N/A          3%          2    ###....


Dungeon Overview and Level Annotations

Branches:
Dungeon (13/15)            Temple (1/1) D:5            Lair (0/6) D:8
    Orc (2/2) D:11            Elf (0/3) Orc:2
 Vaults: D:13-14

Altars:
Ashenzari
Cheibriados
Dithmenos
Elyvilon
Fedhas
Gozag
Hepliaklqana
Kikubaaqudgha
Makhleb
Nemelex Xobeh
Okawaru
Qazlal
Ru
Sif Muna
Trog
Uskayaw
Vehumet
Wu Jian
Xom
Yredelemnul
Zin
The Shining One
Beogh

Shops:
D:11 [   D:12 [   Orc:1 *   Orc:2 *(:[

Annotations:
D:8 Henning's ghost, novice HOFi
D:12 zeiran's ghost, journeyman DsAK


Innate Abilities, Weirdness & Mutations

You are very small and have problems with some larger weapons.
You are too small for most types of armour.
You have supernaturally acute eyesight. (SInv)
You are a herbivore.
You cover ground extremely quickly.
You need consume almost no food.
You are dopey. (Int -2)
You are frail. (-10% HP)
Your magical capacity is low. (-10% MP)


Message History

Confirm with . or Enter, or press ? or * to list all spells.
You blink.
Zeiran's ghost hits you.
Found a short sword.
Casting: Blink
Confirm with . or Enter, or press ? or * to list all spells.
You blink.
You close the door.
Zeiran's ghost opens the door.
The barbs in your skin will harm you if you move.
Continue?
Okay, then.
Casting: Blink
Confirm with . or Enter, or press ? or * to list all spells.
You blink.
Firing (i - inventory. (,) - cycle):
F - 34 sling bullets (quivered)
Press: ? - help, Shift-Dir - straight line, f - zeiran's ghost
Aim: zeiran's ghost You shoot a sling bullet.
The sling bullet hits zeiran's ghost but does no damage.
You open the door. Zeiran's ghost hits you!!
You die...

#.....b..#
#(.>bbb..#
#.>......###
#..b.....'...)
#........#####
#..<.....#
#........#
######(###
#.@W§#
##'######
#####
#.......#
#....
#.......#
#....
#.......#
#....
#.......#
#....
#.......#
#....
#.......#
###....
#.......#
##.'....


You could see zeiran's ghost.

Vanquished Creatures
  2 orc warlords
  An ogre mage (Orc:1)
  5 two-headed ogres
  An orc high priest (Orc:2)
  Nergalle (Orc:2)
  An unseen horror (D:11)
  3 orc knights (Orc:2)
  An orc sorcerer (Orc:2)
  3 cyclopes
  A manticore (D:12)
  Prince Ribbit (D:7)
  6 trolls
  2 hippogriffs
  A shadow (D:13)
  A human (D:8)
  6 yaks (D:11)
  Eustachio (D:6)
  4 fire bats (D:11)
  4 hogs (D:8)
  2 vampire mosquitoes (D:12)
  3 hungry ghosts
  2 wargs
  2 soldier ants (D:8)
  3 water moccasins (D:8)
  3 hell hounds
  5 ice beasts
  2 sky beasts
  38 orc warriors
  3 phantoms
  8 ogres
  4 centaurs
  A crocodile (D:8)
  2 big kobolds
  5 bullfrogs
  A gnoll sergeant (D:8)
  4 scorpions
  21 killer bees
  2 lava snakes (D:11)
  A crimson imp (D:8)
  2 centaur zombies
  A jelly (D:9)
  25 orc priests
  2 centaur skeletons
  A bullfrog skeleton (D:9)
  4 hounds
  Crazy Yiuf (D:7)
  Ijyb (D:3)
  3 iguanas
  Terence (D:3)
  28 orc wizards
  17 worker ants
  A hound skeleton (D:7)
  12 mummies (Ossuary)
  A howler monkey zombie (D:10)
  Robin (D:2)
  7 gnolls
  13 adders
  2 howler monkey skeletons
  4 shadow imps
  An adder skeleton (D:4)
  An adder zombie (D:5)
  5 worms
  6 dart slugs
  4 leopard geckos
  79 orcs
  7 giant cockroaches
  11 goblins
  16 hobgoblins
  13 jackals
  5 quokkas
  A ball python (D:1)
  10 bats
  5 frilled lizards
  3 gnoll skeletons (Ossuary)
  2 goblin skeletons (Ossuary)
  13 kobolds
  2 kobold skeletons (Ossuary)
  A leopard gecko skeleton (D:4)
  An orc skeleton (Ossuary)
  A quokka skeleton (D:7)
  A quokka zombie (D:8)
  21 rats
  11 rat skeletons (Ossuary)
  3 fire vortices (D:11)
507 creatures vanquished.

Notes
Turn   | Place    | Note
-------+----------+-------------------------------------------
     0 | D:1      | kometa the Spriggan Hunter began the quest for the Orb.
     0 | D:1      | Reached XP level 1. HP: 10/10 MP: 2/2
    22 | D:1      | Reached skill level 5 in Slings
    90 | D:1      | Reached XP level 2. HP: 13/15 MP: 3/3
   502 | D:1      | Reached XP level 3. HP: 18/18 MP: 4/4
   916 | D:2      | Reached skill level 6 in Slings
  1383 | D:2      | Reached XP level 4. HP: 17/23 MP: 5/5
  1628 | D:2      | Noticed Robin
  1989 | D:2      | Killed Robin
  2253 | D:3      | Reached XP level 5. HP: 17/26 MP: 6/6
  2262 | D:3      | Reached skill level 7 in Slings
  2521 | D:3      | Noticed Terence
  2544 | D:3      | Killed Terence
  2660 | D:3      | Noticed Ijyb
  2706 | D:3      | Killed Ijyb
  3108 | D:3      | Reached XP level 6. HP: 30/30 MP: 7/7
  3294 | D:4      | Reached skill level 8 in Slings
  3613 | D:4      | Reached XP level 7. HP: 14/35 MP: 8/8
  3768 | D:4      | Learned a level 2 spell: Blink
  3936 | D:4      | Reached skill level 9 in Slings
  4094 | D:5      | Entered Level 5 of the Dungeon
  4104 | D:5      | Found a staircase to the Ecumenical Temple.
  4212 | Temple   | Entered the Ecumenical Temple
  4264 | Temple   | Became a worshipper of Warmaster Okawaru
  4572 | D:5      | Reached skill level 1 in Translocations
  4610 | D:5      | You fall through a shaft for 2 floors!
  4679 | D:6      | Noticed Eustachio
  4699 | D:6      | Killed Eustachio
  4699 | D:6      | Reached * piety under Okawaru
  4699 | D:6      | Reached skill level 10 in Slings
  4823 | D:6      | Noticed a hungry ghost
  4823 | D:6      | Reached XP level 8. HP: 39/39 MP: 9/9
  4839 | D:6      | Reached skill level 5 in Dodging
  4953 | D:6      | Reached skill level 5 in Stealth
  5044 | D:6      | Reached skill level 11 in Slings
  5129 | D:6      | Reached ** piety under Okawaru
  5467 | D:7      | Noticed Prince Ribbit
  5651 | D:7      | Killed Prince Ribbit
  5703 | D:7      | Reached XP level 9. HP: 16/44 MP: 10/10
  5961 | D:7      | Found a runed door.
  5965 | D:7      | Noticed Crazy Yiuf
  5966 | D:7      | Found the +6 shillelagh "Devastator" {shatter}
  5970 | D:7      | Killed Crazy Yiuf
  6007 | D:7      | Reached skill level 12 in Slings
  6464 | D:8      | Found a sand-covered staircase.
  6470 | D:8      | Reached *** piety under Okawaru
  6473 | Ossuary  | Entered an ossuary
  6960 | D:8      | Noticed Henning's ghost (novice HOFi)
  7034 | D:8      | Received a gift from Okawaru
  7229 | D:8      | Reached skill level 5 in Translocations
  7407 | D:8      | Reached skill level 13 in Slings
  7522 | D:8      | Reached **** piety under Okawaru
  7527 | D:8      | Noticed a two-headed ogre
  7556 | D:8      | Killed a two-headed ogre
  7556 | D:8      | Reached XP level 10. HP: 43/51 MP: 11/11
  7968 | D:8      | Noticed a two-headed ogre
  7982 | D:8      | Killed a two-headed ogre
  7982 | D:8      | Received a gift from Okawaru
  7982 | D:8      | Reached skill level 5 in Fighting
  7982 | D:8      | Reached skill level 14 in Slings
  8022 | D:8      | Found the +9 staff of Olgreb {rPois}
  8038 | D:8      | Got a pair of ichor-stained gloves
  8052 | D:8      | Found a runed door.
  8078 | D:8      | Found a runed gate.
  8079 | D:8      | Found a runed door.
  8089 | D:8      | Found a runed gate.
  8089 | D:8      | Found a runed gate.
  8161 | D:8      | Reached ***** piety under Okawaru
  8437 | D:8      | Received a gift from Okawaru
  9250 | D:8      | Found a staircase to the Lair.
 10356 | D:9      | Noticed a two-headed ogre
 10399 | D:9      | Killed a two-headed ogre
 10399 | D:9      | Reached skill level 1 in Throwing
 10399 | D:9      | Reached XP level 11. HP: 40/56 MP: 12/12
 10512 | D:9      | Found an opulent altar of Gozag.
 10625 | D:10     | Entered Level 10 of the Dungeon
 10634 | D:10     | Noticed a two-headed ogre
 10671 | D:10     | Killed a two-headed ogre
 10671 | D:10     | Received a gift from Okawaru
 11009 | D:10     | Noticed a two-headed ogre
 11020 | D:10     | HP: 1/56 [orc priest/divine providence (14)]
 11530 | D:10     | Killed a two-headed ogre
 11530 | D:10     | Reached skill level 1 in Short Blades
 11530 | D:10     | Reached skill level 1 in Invocations
 11705 | D:10     | Found a white marble altar of Elyvilon.
 12154 | D:11     | Reached skill level 15 in Slings
 12249 | D:11     | Noticed an unseen horror
 12290 | D:11     | Killed an unseen horror
 12459 | D:11     | Found a staircase to the Orcish Mines.
 12461 | D:11     | Found Lepu's Armour Shop.
 12740 | D:11     | Reached skill level 1 in Spellcasting
 12801 | D:11     | Found a shimmering altar of Xom.
 12949 | D:11     | Reached skill level 10 in Stealth
 13111 | Orc:1    | Entered Level 1 of the Orcish Mines
 13341 | Orc:1    | Noticed an orc warlord
 13808 | D:11     | Killed an orc warlord
 14051 | D:11     | Reached skill level 1 in Evocations
 14367 | D:11     | Reached XP level 12. HP: 40/62 MP: 14/14
 14619 | D:11     | Reached skill level 1 in Shields
 15095 | D:11     | Received a gift from Okawaru
 15312 | Orc:1    | Found Hisch's Assorted Antiques.
 15344 | Orc:1    | Bought a hunting sling for 37 gold pieces
 15345 | Orc:1    | Bought a scroll of enchant weapon for 187 gold pieces
 15345 | Orc:1    | Bought a scroll of enchant weapon for 187 gold pieces
 15542 | Orc:1    | Noticed an ogre mage
 15553 | Orc:1    | Killed an ogre mage
 15553 | Orc:1    | Received a gift from Okawaru
 15557 | Orc:1    | Got a jewelled hunting sling {god gift}
 15558 | Orc:1    | Identified the +1 hunting sling of Disgust {freeze, *Contam +Inv rF+ SInv} (Okawaru gifted it to you on level 1 of the Orcish Mines)
 15755 | Orc:2    | Entered Level 2 of the Orcish Mines
 16082 | Orc:2    | Found a staircase to the Elven Halls.
 16204 | Orc:2    | Noticed Nergalle
 16206 | Orc:2    | Reached skill level 16 in Slings
 16228 | Orc:2    | Noticed an orc high priest
 16312 | Orc:2    | Gained mutation: You are dopey. (Int -2) [mutagenic glow]
 16383 | Orc:2    | Gained mutation: You are frail. (-10% HP) [mutagenic glow]
 16651 | Orc:2    | Noticed an orc warlord
 16969 | Orc:2    | Gained mutation: Your magical capacity is low. (-10% MP) [mutagenic glow]
 17304 | Orc:2    | HP: 2/56 [Nergalle/bolt of negative energy (28)]
 17904 | Orc:2    | Killed Nergalle
 17904 | Orc:2    | Reached skill level 10 in Dodging
 18808 | Orc:2    | Reached skill level 5 in Short Blades
 19097 | Orc:2    | Found a roughly hewn altar of Beogh.
 19196 | Orc:2    | Killed an orc warlord
 19196 | Orc:2    | Received a gift from Okawaru
 19251 | Orc:2    | Found Ezatoe's Antique Weapon Emporium.
 19555 | Orc:2    | Found Imel's Antique Armour Emporium.
 19568 | Orc:2    | Found Tiruwkoj's General Store.
 19762 | Orc:2    | Found Zotriokite's Book Emporium.
 19776 | Orc:2    | Killed an orc high priest
 19776 | Orc:2    | Received a gift from Okawaru
 21734 | D:12     | Found Ugheon's Armour Shoppe.
 21756 | D:12     | Reached XP level 13. HP: 27/60 MP: 15/15
 21810 | D:12     | You fall through a shaft!
 21917 | D:12     | Noticed zeiran's ghost (journeyman DsAK)
 21937 | D:12     | Slain by zeiran's ghost

Skill      XL: |  1  2  3  4  5  6  7  8  9 10 11 12 13 |
---------------+----------------------------------------+-----
Slings         | 5 6 7 8 10 11 13 14 15 16 | 16.3
Stealth        | 2 3 4 5 7 9 10 11 | 11.5
Fighting       | 2 3 4 6 7 |  7.3
Dodging        | 4 6 7 8 9 11 | 11.1
Translocations | 2 3 6 7 |  7.3
Throwing       | 1 3 4 |  4.5
Short Blades   | 3 5 6 |  6.0
Invocations    | 2 4 |  4.5
Spellcasting   | 1 |  1.8
Evocations     | 1 |  1.8
Shields        | 2 |  2.0

Action                   |  1- 3 |  4- 6 |  7- 9 | 10-12 | 13-15 || total
-------------------------+-------+-------+-------+-------+-------++-------
Melee: Short sword       |       |     2 |       |    87 |       ||    89
       Dagger            |       |       |       |   373 |       ||   373
 Fire: Hunting sling     |    98 |   360 |   602 |  1201 |    22 ||  2283
Throw: Stone             |     4 |       |       |   152 |       ||   156
       Tomahawk          |       |       |       |    45 |       ||    45
 Cast: Blink             |       |       |     1 |    21 |     3 ||    25
Invok: Heroism           |       |       |     1 |    24 |       ||    25
       Finesse           |       |       |       |     3 |       ||     3
 Abil: Evoke Invisibilit |       |       |       |     3 |       ||     3
Evoke: Wand              |       |       |     1 |    25 |       ||    26
  Use: Scroll            |       |     8 |     8 |    12 |       ||    28
       Potion            |       |       |       |     6 |       ||     6
 Stab: Paralysed         |       |       |       |     3 |       ||     3
       Distracted        |       |       |       |     1 |       ||     1
       Sleeping          |       |       |       |     1 |       ||     1
  Eat: Ration            |       |       |     1 |     9 |       ||    10
Armor: Robe              |     2 |     7 |     6 |    20 |       ||    35
Dodge: Dodged            |    24 |    55 |    64 |   646 |     4 ||   793
Block: Buckler           |       |       |       |   255 |     4 ||   259
